 Dungeon Crawl Stone Soup version 0.24.0-37-gcf1ca852f1 (webtiles) character file.

Game seed: 10202636878019830438, levelgen mode: deterministic

1692 Gruesph the Ogre Mage (level 9, -1/79 HPs)
             Began as an Ogre Fire Elementalist on Nov 26, 2019.
             Slain by a sky beast (6 damage)
             ... on level 6 of the Dungeon.
             The game lasted 00:32:35 (8242 turns).

Gruesph the Ogre Mage (Ogre Fire Elementalist)      Turns: 8242, Time: 00:32:35

Health: -1/79      AC:  4    Str: 14    XL:     9   Next: 2%
Magic:  12/29      EV: 10    Int: 19    God:
Gold:   137        SH:  0    Dex:  9    Spells: 8/22 levels left

rFire    . . .     SeeInvis .   a - +1 dagger (venom)
rCold    . . .     Gourm    .   (no shield)
rNeg     . . .     Faith    .   e - +0 robe
rPois    .         Spirit   .   (helmet restricted)
rElec    .         Reflect  .   u - +0 cloak
rCorr    .         Harm     .   (gloves unavailable)
MR       .....                  (boots unavailable)
Stlth    +.........             (no amulet)
HPRegen  0.23/turn              z - ring of magical power
MPRegen  0.21/turn              (no ring)

@: no status effects
A: large, unfitting armour, tough skin 1
a: no special abilities


You were on level 6 of the Dungeon.
You were near starving.

You visited 1 branch of the dungeon, and saw 6 of its levels.

You collected 267 gold pieces.
You spent 130 gold pieces at shops.

Inventory:

Hand Weapons
 a - a +1 dagger of venom (weapon)
 b - a +0 hunting sling
Missiles
 j - 74 sling bullets
 k - 15 poisoned darts (quivered)
 q - 152 stones
Armour
 d - a +0 shield
 e - a +0 robe (worn)
 u - a +0 cloak (worn)
Jewellery
 s - an uncursed amulet of faith
 z - a ring of magical power (left hand)
Wands
 x - a wand of random effects (26)
Scrolls
 g - 2 scrolls of amnesia
 i - 4 scrolls of identify
 n - a scroll of enchant armour {unknown}
 r - 3 scrolls of remove curse
 v - a scroll of magic mapping {unknown}
 y - a scroll of blinking
 A - 2 scrolls of fear
 B - a scroll of brand weapon {unknown}
Potions
 c - 5 potions of curing
 h - 2 potions of heal wounds
 l - 5 potions of brilliance
 m - 2 potions of flight
 o - 3 potions of cancellation
 p - a potion of haste
 t - 2 potions of might
 w - 3 potions of lignification
Comestibles
 f - 10 rations


   Skills:
 - Level 2.0 Fighting
 - Level 1.7 Dodging
 - Level 1.4 Stealth
 + Level 7.4 Spellcasting
 + Level 5.8 Conjurations
 + Level 6.4 Fire Magic


You had 8 spell levels left.
You knew the following spells:

 Your Spells              Type           Power        Failure   Level  Hunger
a - Throw Flame           Conj/Fire      ####..       1%          2    None
b - Conjure Flame         Conj/Fire      ####....     2%          3    #......
c - Sticky Flame          Conj/Fire      ####....     8%          4    ###....
d - Fireball              Conj/Fire      ####......   22%         5    #####..

Your spell library contained the following spells:

 Spells                   Type           Power        Failure   Level  Hunger
 Flame Tongue             Conj/Fire      ####.        1%          1    None
 Inner Flame              Hex/Fire       ###.....     8%          3    #......


Dungeon Overview and Level Annotations

Branches:
Dungeon (6/15)
 Temple: D:4-7

Altars:
Elyvilon
Fedhas
Gozag
Makhleb
Nemelex Xobeh
Qazlal
Sif Muna
Uskayaw
Wu Jian
Xom
Zin
The Shining One

Shops:
D:4 !


Innate Abilities, Weirdness & Mutations

You are too large for most types of armour.
You have tough skin. (AC +1)


Message History

* * * LOW HITPOINT WARNING * * *
Something shocks you.
* * * LOW HITPOINT WARNING * * *
Casting: Throw Flame (safe; 1% risk of failure)
Confirm with . or Enter, or press ? or * to list all spells.
Aiming: Throw Flame (safe; 1% risk of failure)
Press: ? - help, Shift-Dir - straight line Something hits you but does no damage.
You miss something. Something hits you.
* * * LOW HITPOINT WARNING * * *
Something shocks you.
* * * LOW HITPOINT WARNING * * *
Casting: Throw Flame (safe; 1% risk of failure)
Confirm with . or Enter, or press ? or * to list all spells.
Aiming: Throw Flame (safe; 1% risk of failure)
Press: ? - help, Shift-Dir - straight line Something hits you.
* * * LOW HITPOINT WARNING * * *
Something shocks you.
You die...

#.# #..#.##.# #.#
#.......
#..#..... #.#
#..(... #..#.....
#.# #......
#..##>... #.#
..... #..####.#
#.##### .... #...
...# #.##.. ..#
##### #.##.# #{#
#
#.##.#####@#.#..#
#
#..............#
##
####.#####.#.#.#
#. #.# #.#... ##
#.. ..# ### ##
#### ### #. ##
### ### #..


There were no monsters in sight!

Vanquished Creatures
  Prince Ribbit (D:5)
  A sky beast (D:4)
  2 ice beasts (D:6)
  An ogre (D:6)
  2 centaurs
  A bullfrog (D:6)
  A water moccasin skeleton (D:6)
  A howler monkey (D:5)
  A bullfrog zombie (D:6)
  6 crimson imps
  A quasit (D:6)
  3 hounds
  An orc priest (D:3)
  A bullfrog skeleton (D:5)
  2 orc wizards
  An iguana (D:2)
  5 worker ants
  8 adders
  2 oozes
  An adder skeleton (D:3)
  2 worms (D:2)
  6 dart slugs
  6 leopard geckos
  16 orcs
  7 bats
  6 giant cockroaches
  6 goblins
  7 hobgoblins
  5 jackals (D:3)
  3 quokkas
  2 ball pythons
  4 frilled lizards
  A goblin zombie (D:6)
  2 hobgoblin zombies (D:6)
  A jackal zombie (D:5)
  16 kobolds
  A kobold skeleton (D:6)
  An orc skeleton (D:6)
  An orc zombie (D:6)
  8 rats
143 creatures vanquished.

Notes
Turn   | Place    | Note
-------+----------+-------------------------------------------
     0 | D:1      | Gruesph the Ogre Fire Elementalist began the quest for the
                  | Orb.
     0 | D:1      | Reached XP level 1. HP: 16/16 MP: 3/3
    33 | D:1      | Reached skill level 1 in Conjurations
    66 | D:1      | Reached skill level 1 in Fighting
    66 | D:1      | Reached XP level 2. HP: 14/27 MP: 0/5
   666 | D:1      | Reached XP level 3. HP: 33/33 MP: 5/7
   751 | D:1      | Learned a level 3 spell: Conjure Flame
  1019 | D:1      | Reached skill level 3 in Spellcasting
  1314 | D:2      | Found a sparkling altar of Nemelex Xobeh.
  1589 | D:2      | Found an opulent altar of Gozag.
  1589 | D:2      | Found a shimmering blue altar of Sif Muna.
  1589 | D:2      | Found a hide-covered altar of Uskayaw.
  1636 | D:2      | Reached XP level 4. HP: 24/42 MP: 5/8
  1785 | D:2      | Learned a level 4 spell: Sticky Flame
  1950 | D:2      | Found an ornate altar of the Wu Jian Council.
  2175 | D:2      | Reached XP level 5. HP: 49/49 MP: 3/10
  2227 | D:2      | Found a blossoming altar of Fedhas.
  2295 | D:2      | Found a glowing silver altar of Zin.
  3445 | D:3      | Reached skill level 4 in Spellcasting
  3450 | D:3      | Reached XP level 6. HP: 24/57 MP: 0/12
  4140 | D:3      | Learned a level 2 spell: Throw Flame
  4146 | D:4      | Found Fasuach's Distillery.
  4152 | D:4      | Bought a potion of heal wounds for 50 gold pieces
  4152 | D:4      | Bought a potion of curing for 30 gold pieces
  4152 | D:4      | Bought a potion of heal wounds for 50 gold pieces
  4499 | D:4      | Found a white marble altar of Elyvilon.
  4650 | D:4      | Found a burning altar of Makhleb.
  4784 | D:4      | Found a shimmering altar of Xom.
  5074 | D:5      | Entered Level 5 of the Dungeon
  5074 | D:5      | Noticed a sky beast
  5102 | D:4      | Killed a sky beast
  5340 | D:5      | Reached XP level 7. HP: 51/65 MP: 7/14
  5549 | D:5      | Noticed Prince Ribbit
  5562 | D:5      | Killed Prince Ribbit
  5562 | D:5      | Reached skill level 5 in Spellcasting
  5870 | D:4      | Reached skill level 5 in Fire Magic
  6208 | D:5      | Reached XP level 8. HP: 68/72 MP: 16/16
  6268 | D:5      | Reached skill level 6 in Spellcasting
  6275 | D:5      | Learned a level 5 spell: Fireball
  7114 | D:6      | Found a stormy altar of Qazlal.
  7114 | D:6      | Noticed an air elemental
  7116 | D:6      | Noticed a water elemental
  7142 | D:6      | Found a glowing golden altar of the Shining One.
  7167 | D:6      | Reached skill level 5 in Conjurations
  7806 | D:6      | Reached skill level 7 in Spellcasting
  8095 | D:6      | Reached XP level 9. HP: 56/79 MP: 16/20
  8242 | D:6      | Slain by a sky beast

Levels and vault maps discovered:
D:1:      scummos_arrival_hexagon, layout_rooms, minmay_misc_feat_roman
D:2:      layout_basic, lemuel_crystal_altar, lemuel_round_altar,
          nemelex_xobeh_ov_fountains_minmay, grunt_temple_overflow_open,
          lemuel_round_altar, first_ration
D:3:      minmay_inner_zag, layout_loops_cross, minmay_fractal_squares_gapless_5
D:4:      layout_basic, makhleb_heckhound_becter, elyvilon_altar_4,
          kennysheep_mini_moat, serial_shops, shop
D:5:      layout_gridville, nrook_mini_vaults, uniq_prince_ribbit1
D:6:      layout_loops_cross, nicolae_tso_besieged_by_evil,
          gup_sewer_entry_spiral, nicolae_qazlal_style_of_elements

Skill      XL: |  1  2  3  4  5  6  7  8 |
---------------+-------------------------+-----
Conjurations   | 1 2 3 4 5 |  5.8
Fighting       | 1 2 |  2.0
Fire Magic     | 3 4 5 6 |  6.4
Spellcasting   | 3 4 5 7 |  7.4
Dodging        | |  1.7
Stealth        | |  1.4

Action                   |  1- 3 |  4- 6 |  7- 9 || total
-------------------------+-------+-------+-------++-------
Melee: Dagger            |       |     8 |   177 ||   185
 Fire: Hunting sling     |    35 |   164 |    63 ||   262
Throw: Stone             |    34 |       |       ||    34
 Cast: Flame Tongue      |    49 |    59 |       ||   108
       Conjure Flame     |     1 |     6 |     1 ||     8
       Throw Flame       |       |    30 |    61 ||    91
       Sticky Flame      |       |       |    11 ||    11
  Use: Scroll            |       |    16 |     1 ||    17
       Potion            |       |     1 |       ||     1
  Eat: Chunk             |     2 |     9 |     3 ||    14
       Ration            |       |     1 |     2 ||     3
Armor: Robe              |    17 |    28 |    77 ||   122
       Skin              |       |     8 |       ||     8
Dodge: Dodged            |    21 |    60 |   126 ||   207
